 Dungeon Crawl Stone Soup version 0.31-a0-1405-g2bb1a01664 (webtiles) character file.

Game seed: 17806125807361537075

229176 Loonster the Markstengu (level 19, 0/109 HPs)
             Began as a Tengu Fighter on Dec 25, 2023.
             Was a High Priest of Hepliaklqana.
             Slain by an emperor scorpion (35 damage)
             ... on level 4 of the Spider Nest.
             The game lasted 01:27:27 (27710 turns).

Loonster the Markstengu (Tengu Fighter)            Turns: 27710, Time: 01:27:28

Health: 0/109      AC: 16    Str: 17    XL:     19   Next: 44%
Magic:  0/33       EV: 28    Int: 13    God:    Hepliaklqana [*****.]
Gold:   1788       SH:  0    Dex: 25    Spells: 18/18 levels left

rFire   + . .        a - +8 longbow "Zephyr" {speed, Dex+3 SInv}
rCold   x x .        (shield currently unavailable)
rNeg    . . .        s - +3 salamander hide armour {Flames, rFlCloud rF++ rC--}
rPois   +            (helmet restricted)
rElec   .            e - +2 cloak {Stlth+}
rCorr   .            A - +2 pair of gloves
SInv    +            (boots unavailable)
Will    +....        L - amulet of Plog {Spirit rF- Regen+ Int+5 Stlth-}
Stlth   +++++        N - +4 ring of protection
HPRegen 1.18/turn    Q - ring of poison resistance
MPRegen 0.23/turn

%: acrobat, guardian spirit
@: about to teleport, flying
A: reduced essence, beak, talons 3, evasive flight, acrobatic
}: 1/15 runes: decaying
a: Renounce Religion, Recall Ancestor, Ancestor Identity, Transference, Idealise


You were on level 4 of the Spider Nest.
You worshipped Hepliaklqana.
Hepliaklqana was extremely pleased with you.
You visited 6 branches of the dungeon, and saw 31 of its levels.
You also visited: Sewer.

You collected 3309 gold pieces.
You spent 1521 gold pieces at shops.

Inventory:

Hand Weapons
 a - the +8 longbow "Zephyr" (weapon) {speed, Dex+3 SInv}
   (You found it on level 2 of the Dungeon)

   Dex+3:     It affects your dexterity (+3).
   SInv:      It lets you see invisible.
 v - a +1 rapier of speed
 D - the +8 dagger "Xuurrium" {venom, ^Fragile rElec rC+ Str+6}
   (You took it off an orc on level 5 of the Dungeon)

   Str+6:     It affects your strength (+6).
   rC+:       It protects you from cold.
   rElec:     It insulates you from electricity.
   ^Fragile:  It will be destroyed if unequipped.
Missiles
 x - 11 curare-tipped darts
 I - a throwing net
Armour
 e - a +2 cloak of stealth (worn)
 s - the +3 salamander hide armour (worn) {Flames, rFlCloud rF++ rC--}
   (You bought it in a shop on level 6 of the Dungeon)

   Flames:    It surrounds you with flame clouds and enhances your fire magic.
   rFlCloud:  It grants immunity to flame clouds.
   rF++:      It greatly protects you from fire.
   rC--:      It makes you very vulnerable to cold.
 A - a +2 pair of gloves (worn)
Jewellery
 o - a ring of resist corrosion
 H - a ring of protection from cold
 L - the amulet of Plog (around neck) {Spirit rF- Regen+ Int+5 Stlth-}
   (You bought it in a shop on level 2 of the Orcish Mines)

   [amulet of guardian spirit]

   Spirit:    It causes incoming damage to be divided between your reserves of
   health and magic.
   Int+5:     It affects your intelligence (+5).
   rF-:       It makes you vulnerable to fire.
   Regen+:    It increases your rate of health regeneration.
   Stlth-:    It makes you less stealthy.
 N - a +4 ring of protection (left hand)
 Q - a ring of poison resistance (right hand)
 S - a ring of protection from fire
 Z - a ring of willpower
Wands
 b - a wand of mindburst (9)
 q - a wand of digging (20)
 E - a wand of acid (12)
 F - a wand of flame (33)
 M - a wand of polymorph (5)
 P - a wand of paralysis (13)
 X - a wand of iceblast (48)
Scrolls
 c - 2 scrolls of enchant weapon
 i - 4 scrolls of enchant armour
 m - 3 scrolls of brand weapon
 n - 4 scrolls of blinking
 y - 7 scrolls of fear
 z - 8 scrolls of poison
 B - 11 scrolls of teleportation
 C - 2 scrolls of summoning
 G - a scroll of torment
 J - 3 scrolls of identify
 K - 2 scrolls of immolation
 O - 5 scrolls of revelation
 U - a scroll of silence
 W - a scroll of fog
 Y - a scroll of acquirement
Potions
 d - 6 potions of might
 f - 4 potions of ambrosia
 g - a potion of berserk rage
 h - a potion of resistance
 j - 3 potions of mutation
 k - 10 potions of heal wounds
 l - 10 potions of curing
 p - 4 potions of enlightenment
 r - 5 potions of brilliance
 t - 6 potions of haste
 u - 2 potions of cancellation
 w - 3 potions of magic
 R - 2 potions of attraction
 T - 2 potions of lignification
 V - a potion of invisibility


   Skills:
 + Level 14.6 Fighting
 - Level 2.5 Short Blades
 - Level 20.0 Ranged Weapons
 - Level 3.5 Armour
 - Level 14.2 Dodging
 - Level 9.5 Stealth
 - Level 3.2 Shields
 - Level 19.2 Invocations


You had 18 spell levels left.
You didn't know any spells.
Your spell library contained the following spells:

 Spells                   Type           Power      Damage    Failure   Level
 Foxfire                  Conj/Fire      0%         2x1d4     36%         1
 Freeze                   Ice            0%         1d3       36%         1
 Kiss of Death            Conj/Necr      0%         2d5       36%         1
 Magic Dart               Conj           0%         1d3       36%         1
 Blink                    Tloc           0%         N/A       50%         2
 Cigotuvi's Dreadful Rot  Necr/Alch/Air  0%         N/A       50%         2
 Ensorcelled Hibernation  Hex/Ice        0%         N/A       50%         2
 Lesser Beckoning         Tloc           0%         N/A       50%         2
 Momentum Strike          Conj/Tloc      0%         3d8       50%         2
 Searing Ray              Conj           0%         2d4       50%         2
 Sublimation of Blood     Necr           0%         N/A       50%         2
 Confusing Touch          Hex            0%         N/A       73%         3
 Frozen Ramparts          Ice            0%         1d1       73%         3
 Fugue of the Fallen      Necr           0%         N/A       73%         3
 Hailstorm                Conj/Ice       0%         3d5       73%         3
 Mephitic Cloud           Conj/Alch/Air  0%         N/A       73%         3
 Summon Guardian Golem    Hex/Summ       0%         N/A       73%         3
 Anguish                  Hex/Necr       0%         N/A       98%         4
 Dispel Undead            Necr           0%         3d6       98%         4
 Fulminant Prism          Conj/Alch      0%         3d5       98%         4
 Ignite Poison            Fire/Alch      0%         N/A       98%         4
 Petrify                  Alch/Erth      0%         N/A       98%         4
 Summon Ice Beast         Ice/Summ       0%         N/A       98%         4
 Summon Mana Viper        Hex/Summ       0%         N/A       100%        5
 Plasma Beam              Fire/Air       0%         2x1d10    100%        6
 Starburst                Conj/Fire      0%         6d3       100%        6
 Malign Gateway           Summ/Tloc      0%         N/A       100%        7
 Monstrous Menagerie      Summ           0%         N/A       100%        7
 Orb of Destruction       Conj           0%         9d5       100%        7
 Spellforged Servitor     Conj/Summ      0%         N/A       100%        7
 Disjunction              Tloc           0%         N/A       100%        8


Dungeon Overview and Level Annotations

Branches:
Dungeon (15/15)            Temple (1/1) D:4            Lair (5/5) D:11
  Swamp (4/4) Lair:3       Spider (4/4) Lair:3        Slime (0/5) Lair:4
    Orc (2/2) D:11            Elf (0/3) Orc:2        Vaults (0/5) D:14
 Depths (0/4) D:15          Sewer (visited)

Altars:
Ashenzari
Cheibriados
Dithmenos
Elyvilon
Fedhas
Gozag
Hepliaklqana
Kikubaaqudgha
Makhleb
Nemelex Xobeh
Okawaru
Qazlal
Ru
Sif Muna
Trog
Uskayaw
Vehumet
Wu Jian
Xom
Yredelemnul
Zin
The Shining One
Jiyva

Shops:
D:2 **[*(   D:4 ?   D:6 *[*!*   D:7 *   D:12 *(((   D:14 *   Orc:2 *?[?=

Annotations:
D:3 3 runed translucent doors, SecretSquirrel's ghost, amateur BaHs
D:10 2 transporters
D:11 1 runed translucent door
Swamp:3 2 transporters


Innate Abilities, Weirdness & Mutations

Your life essence is reduced to manifest your ancestor. (-10% HP)
You have a beak for a mouth.
You have claws for feet.
Your magical flight helps you evade attacks. (EV +4)
You can magically evade attacks while moving or waiting.


Message History

The emperor scorpion completely misses you. x3
The emperor scorpion stings you but does no damage.
The emperor scorpion barely misses you.
The emperor scorpion closely misses you.
You shoot an arrow. The arrow hits the emperor scorpion!!
The emperor scorpion is severely wounded.
The emperor scorpion is engulfed in blazing flames.
The emperor scorpion stings you!!
The emperor scorpion completely misses you. x2
Thoko casts a spell.
Thoko seems to speed up.
The emperor scorpion is engulfed in blazing flames.
The emperor scorpion stings you!!
The emperor scorpion completely misses you.
The emperor scorpion claws you!
The emperor scorpion is engulfed in blazing flames.
The emperor scorpion attacks as it pursues you!
The emperor scorpion completely misses you.
The emperor scorpion misses you.
The emperor scorpion closely misses you.
The emperor scorpion is engulfed in blazing flames.
The emperor scorpion completely misses you.
The emperor scorpion claws you. x2
* * * LOW HITPOINT WARNING * * *
Thoko hits the emperor scorpion with a +0 broad axe of flaming!
Thoko burns the emperor scorpion.
Thoko hits the moth of wrath with a +0 broad axe of flaming!
Thoko burns the moth of wrath.
Thoko hits the emperor scorpion with a +0 broad axe of flaming.
Thoko burns the emperor scorpion.
The emperor scorpion stings Thoko.
The emperor scorpion claws Thoko but does no damage.
Thoko blocks the emperor scorpion's attack.
Blink to where?
Press: ? - help, Dir - move target, p - emperor scorpion
As you read the scroll of blinking, it crumbles to dust.
As you read the scroll of teleportation, it crumbles to dust.
You feel strangely unstable.
The emperor scorpion rages.
The emperor scorpion stings you!!
You die...

##~..~.# +... [^! #..#~.~#
##~~.~## #![. .. ####~.~#
######~.^### !^##! ##~)~##
#.####~..~.## #'y# ##~..##
#..)†##....~# #.R## #~..~#
#..~~†~~~..~#####.s~# ##~..~###
#####~~~#....#~~##~.###..^~##.##
######~....°##°~##^..~~~~..##
###.~~§@s..^....#~~††.^#
#####○☼††.#######~~### #~~~###
#### #####


You could see an emperor scorpion (berserk).

Vanquished Creatures
  the Lernaean hydra (Swamp:4)
  Arachne (Spider:2)
  Jorgrun (D:15)
  A thorn hunter (Swamp:3)
  Kirke (D:14)
  Donald (Swamp:4)
  A fenstrider witch (Swamp:2)
  4 emperor scorpions
  6 ghost moths
  A very ugly thing (D:12)
  6 eleionomae
  A broodmother (Spider:4)
  A vampire knight (D:15)
  Nessos (D:13)
  4 bunyips
  7 spark wasps
  A jiangshi (D:15)
  Snorg (Lair:5)
  A vault guard (D:14)
  13 hydras
  4 entropy weavers
  Erolcha (D:11)
  A ghost crab (Swamp:1)
  4 radroaches
  2 jorogumos
  An ogre mage (Orc:2)
  7 two-headed ogres
  15 alligators
  4 boulder beetles
  5 dancing weapons (Spider:2)
  3 catoblepae (Lair:5)
  A deep troll shaman (Lair:5)
  7 centaur warriors
  3 death yaks
  7 demonic crawlers
  A skyshark (Lair:2)
  6 pharaoh ants
  2 skeletal warriors (D:12)
  3 goliath frogs
  A death drake (Swamp:3)
  14 orb spiders
  Pikel (D:8)
  Lodul (D:10)
  4 bog bodies (Swamp:1)
  A deep elf archer (D:12)
  12 swamp dragons
  A deep elf zephyrmancer (D:15)
  6 steelbarb worms
  A necromancer (D:15)
  12 orc sorcerers
  6 deep elf pyromancers
  22 wolf spiders
  8 ugly things
  13 cyclopes
  3 manticores
  2 moths of wrath
  2 will-o-the-wisps
  11 elephants
  2 kobold blastminers (Orc:1)
  A meliai (D:13)
  2 centaur zombies (D:15)
  3 black mambas
  An ice statue (D:12)
  A gargoyle (D:10)
  7 torpor snails
  8 rime drakes
  14 cane toads
  Maggie (D:6)
  13 komodo dragons
  2 kobold demonologists (D:10)
  4 unseen horrors
  Jeremiah (D:6)
  3 tengu conjurers
  3 trolls
  2 bloated husks
  3 polar bears
  9 tyrant leeches
  10 hornets
  Grinder (D:3)
  Prince Ribbit (D:6)
  14 blink frogs
  5 dream sheep (Lair:5)
  39 tarantellas
  28 jumping spiders
  3 shadows
  6 vampires
  24 culicivoras
  8 spriggans
  41 yaks
  A spriggan (shapeshifter) (D:14)
  8 wyverns
  5 wraiths
  6 slime creatures
  3 hogs (D:14)
  9 basilisks
  12 vampire mosquitoes
  69 redbacks
  Menkaure (D:4)
  Edmund (D:6)
  19 swamp worms
  14 water moccasins
  12 orc warriors
  7 swamp drakes (Swamp:4)
  A black bear (Lair:5)
  2 ice beasts
  11 centaurs
  A crocodile (shapeshifter) (D:13)
  23 wolves
  17 ogres
  A lemure (D:8)
  A phantom (D:4)
  2 kobold brigands
  17 bullfrogs
  12 scorpions
  8 wights
  4 killer bees (D:9)
  5 electric eels
  3 howler monkeys
  A bombardier beetle (D:7)
  3 hounds
  9 orc priests
  A gnoll bouda (D:7)
  A jelly (D:8)
  Jessica (D:3)
  3 iguanas
  32 orc wizards
  6 hell rats (Lair:3)
  12 gnolls
  4 adders
  8 river rats
  A shadow imp (D:7)
  2 white imps
  4 worms
  2 dart slugs
  59 orcs
  4 bats
  6 endoplasms
  10 giant cockroaches
  6 goblins
  4 hobgoblins
  A quokka (D:1)
  5 ball pythons
  3 frilled lizards
  25 kobolds
  26 rats
  A butterfly (D:11)
1027 creatures vanquished.

Vanquished Creatures (collateral kills)
  Mlioglotl (Spider:4)
  A ghost moth (Spider:4)
  An eleionoma (Swamp:3)
  A bunyip (Swamp:4)
  A spark wasp (Spider:1)
  A rakshasa (D:15)
  An alligator (Swamp:3)
  A radroach (Spider:4)
  A jorogumo (Spider:2)
  A boulder beetle (D:12)
  2 dancing weapons (Spider:2)
  2 death yaks (Lair:5)
  A pharaoh ant (Spider:4)
  A goliath frog (Swamp:1)
  A swamp dragon (Swamp:4)
  An orc knight (Orc:1)
  2 deep elf pyromancers
  8 wolf spiders
  A will-o-the-wisp (Swamp:1)
  4 ugly things
  A moth of wrath (Spider:1)
  4 elephants
  2 torpor snails
  A rime drake (Lair:2)
  2 komodo dragons
  A polar bear (Lair:5)
  A tyrant leech (Swamp:3)
  6 tarantellas
  2 hornets (Spider:4)
  A meliai zombie (D:15)
  2 dream sheep (Lair:5)
  7 jumping spiders
  5 culicivoras
  4 yaks
  A vampire (D:15)
  8 redbacks
  3 swamp worms
  A water moccasin (Lair:1)
  An acid dragon (D:10)
  An orc warrior (Orc:1)
  2 black bears
  2 wolves
  A centaur (D:14)
  A scorpion (D:11)
  2 wights
  Crazy Yiuf (D:7)
  An orc wizard (Orc:2)
  A gnoll (D:7)
  3 orcs
  A giant cockroach (D:11)
102 creatures vanquished.

Vanquished Creatures (others)
  10 knights
  2 foxfires (Swamp:1)
12 creatures vanquished.

Grand Total: 1141 creatures vanquished

Notes
Turn   | Place    | Note
-------+----------+-------------------------------------------
     0 | D:1      | Loonster the Tengu Fighter began the quest for the Orb.
     0 | D:1      | Reached XP level 1. HP: 14/14 MP: 2/2
   195 | D:1      | Reached XP level 2. HP: 15/19 MP: 3/3
   686 | D:2      | Found the +8 longbow "Zephyr" {speed, Dex+3 SInv}
   711 | D:2      | Found Jaorifol's Weapon Shop.
   717 | D:2      | Found Xuiriego's Antique Armour Shoppe.
   722 | D:2      | Found Woivian's Assorted Antiques.
   727 | D:2      | Found Wostoyxuep's General Store.
   728 | D:2      | Found a faded altar of an unknown god.
   765 | D:2      | Found a sacrificial altar of Ru.
   785 | D:2      | Reached skill level 1 in Dodging
   814 | D:2      | Found Iniduudd's General Store.
   817 | D:2      | Reached XP level 3. HP: 23/23 MP: 4/4
  1279 | D:3      | Noticed Jessica
  1280 | D:3      | Killed Jessica
  1281 | D:3      | Reached skill level 2 in Ranged Weapons
  1281 | D:3      | Reached XP level 4. HP: 28/28 MP: 5/5
  1326 | D:3      | Noticed Grinder
  1331 | D:3      | Paralysed by Grinder for 2 turns
  1336 | D:3      | Paralysed by Grinder for 4 turns
  1429 | D:3      | Identified the +5 sling of the Lonely Tales {heavy, rElec
                  | Stlth+}
  1478 | D:3      | Found a runed translucent gate.
  1478 | D:3      | Found a runed translucent gate.
  1478 | D:3      | Found a runed translucent gate.
  1480 | D:3      | Noticed a kobold brigand
  1480 | D:3      | Noticed SecretSquirrel's ghost (amateur BaHs)
  1525 | D:3      | Found a glowing drain.
  1531 | D:3      | Reached skill level 3 in Ranged Weapons
  1535 | D:3      | Reached XP level 5. HP: 23/32 MP: 6/6
  1556 | Sewer    | Entered a sewer
  1636 | Sewer    | Reached skill level 4 in Ranged Weapons
  1783 | Sewer    | Reached skill level 5 in Ranged Weapons
  1842 | Sewer    | Noticed a kobold brigand
  1845 | Sewer    | Killed a kobold brigand
  1846 | Sewer    | Reached XP level 6. HP: 37/37 MP: 7/7
  2190 | D:3      | Killed Grinder
  2191 | D:3      | Reached skill level 7 in Ranged Weapons
  2191 | D:3      | Gained mutation: Your magical flight helps you evade
                  | attacks. (EV +4) [Tengu growth]
  2191 | D:3      | Reached XP level 7. HP: 41/41 MP: 8/8
  2597 | D:4      | Noticed Menkaure
  2599 | D:4      | Killed Menkaure
  2645 | D:4      | Found Xeos's Magic Scroll Boutique.
  2654 | D:4      | Bought a scroll of identify for 26 gold pieces
  2654 | D:4      | Bought a scroll of teleportation for 39 gold pieces
  2654 | D:4      | Bought a scroll of summoning for 123 gold pieces
  2730 | D:4      | Found a staircase to the Ecumenical Temple.
  3009 | Temple   | Entered the Ecumenical Temple
  3042 | Temple   | Became a worshipper of Hepliaklqana the Forgotten
  3175 | D:4      | Found a shimmering blue altar of Sif Muna.
  3206 | D:5      | Entered Level 5 of the Dungeon
  3275 | D:4      | Reached skill level 8 in Ranged Weapons
  3332 | D:4      | Reached XP level 8. HP: 41/46 MP: 9/9
  3350 | D:5      | Reached skill level 9 in Ranged Weapons
  3352 | D:5      | Identified the +8 dagger "Xuurrium" {venom, ^Fragile rElec
                  | rC+ Str+6}
  3493 | D:5      | Identified the +0 pair of boots of Polish {Will+ Stlth+}
  3650 | D:5      | Reached skill level 10 in Ranged Weapons
  3879 | D:6      | Found Igra's Armour Boutique.
  3962 | D:6      | Noticed Maggie
  3969 | D:6      | Killed Maggie
  3970 | D:6      | Reached skill level 11 in Ranged Weapons
  3970 | D:6      | Reached XP level 9. HP: 39/51 MP: 10/10
  4030 | D:6      | Found Rissik's Distillery.
  4036 | D:6      | Bought a potion of curing for 45 gold pieces
  4036 | D:6      | Bought a potion of heal wounds for 75 gold pieces
  4079 | D:6      | Reached skill level 12 in Ranged Weapons
  4095 | D:6      | Found Xepyl's General Store.
  4300 | D:6      | Noticed Edmund
  4304 | D:6      | Killed Edmund
  4344 | D:6      | Reached * piety under Hepliaklqana
  4353 | D:6      | Found Siguxtowk's Assorted Antiques.
  4357 | D:6      | Noticed Prince Ribbit
  4365 | D:6      | Killed Prince Ribbit
  4503 | D:6      | Noticed Jeremiah
  4506 | D:6      | Killed Jeremiah
  4507 | D:6      | Reached skill level 13 in Ranged Weapons
  4595 | D:6      | Found Mouponeb's Assorted Antiques.
  5294 | D:7      | Reached skill level 14 in Ranged Weapons
  5300 | D:7      | Found Ahaluxidu's Overcharged Wands.
  5448 | D:7      | Reached XP level 10. HP: 50/50 MP: 11/11
  5607 | D:7      | Found a runed translucent door.
  5608 | D:7      | Noticed Crazy Yiuf
  5977 | D:7      | Killed Crazy Yiuf
  6065 | D:8      | Noticed Pikel
  6074 | D:8      | Killed Pikel
  6075 | D:8      | Reached skill level 15 in Ranged Weapons
  6116 | D:8      | Reached ** piety under Hepliaklqana
  6117 | D:8      | Remembered your ancestor Thoko as a knight
  7215 | D:9      | Noticed a centaur warrior
  7218 | D:9      | Noticed a centaur warrior
  7221 | D:9      | Killed a centaur warrior
  7222 | D:9      | Reached skill level 16 in Ranged Weapons
  7246 | D:9      | Killed a centaur warrior
  7306 | D:9      | Noticed a deep elf pyromancer
  7311 | D:9      | Killed a deep elf pyromancer
  7316 | D:9      | Noticed a two-headed ogre
  7320 | D:9      | Reached XP level 11. HP: 51/54 MP: 12/12
  7325 | D:9      | Killed a two-headed ogre
  7326 | D:9      | Reached skill level 17 in Ranged Weapons
  7370 | D:9      | Noticed a cyclops
  7375 | D:9      | Killed a cyclops
  7714 | D:9      | Noticed a centaur warrior
  7721 | D:9      | Killed a centaur warrior
  7722 | D:9      | Reached skill level 18 in Ranged Weapons
  7914 | D:9      | Reached *** piety under Hepliaklqana
  8014 | D:10     | Entered Level 10 of the Dungeon
  8043 | D:10     | Found a transporter.
  8308 | D:10     | Found a shimmering altar of Xom.
  8310 | D:10     | Found a bloodstained altar of Trog.
  8311 | D:10     | Found a shadowy altar of Dithmenos.
  8477 | D:10     | Noticed Lodul
  8480 | D:10     | Killed Lodul
  8657 | D:10     | Noticed a deep elf pyromancer
  8662 | D:10     | Noticed a two-headed ogre
  8691 | D:9      | Identified the +6 great mace "Weilalat" {freeze, rElec}
  8987 | D:11     | Noticed a centaur warrior
  8996 | D:11     | Killed a centaur warrior
  8997 | D:11     | Reached skill level 19 in Ranged Weapons
  9010 | D:11     | Identified the +6 quarterstaff "Beastbane" {freeze, Will+
                  | Str+3 Dex+3}
  9186 | D:11     | Found a staircase to the Orcish Mines.
  9288 | D:11     | Reached **** piety under Hepliaklqana
  9411 | D:11     | Noticed a boulder beetle
  9466 | D:11     | Reached XP level 12. HP: 57/57 MP: 13/13
  9483 | D:11     | Killed a boulder beetle
  9484 | D:11     | Found a staircase to the Lair.
  9521 | D:11     | Noticed a death yak
  9529 | D:11     | Killed a death yak
  9530 | D:11     | Reached skill level 20 in Ranged Weapons
  9552 | D:11     | Noticed Erolcha
  9574 | D:11     | Killed Erolcha
  9623 | D:11     | Noticed a two-headed ogre
  9627 | D:11     | Killed a two-headed ogre
  9638 | D:11     | Found a runed translucent door.
  9640 | D:11     | Found a runed translucent door.
  9772 | D:12     | Found Xacharec's Weapon Shoppe.
  9841 | D:12     | Reached skill level 5 in Invocations
  9906 | D:12     | Found Nuqek's Antique Weapon Emporium.
 10040 | D:12     | Noticed a two-headed ogre
 10097 | D:12     | Killed a two-headed ogre
 10148 | D:12     | Noticed a brown very ugly thing
 10156 | D:12     | Killed a brown very ugly thing
 10162 | D:12     | Reached XP level 13. HP: 61/61 MP: 20/20
 10512 | D:12     | Found Poacuado's Weapon Emporium.
 10520 | D:12     | Reached skill level 10 in Invocations
 10667 | D:6      | Bought the +3 salamander hide armour {Flames, rFlCloud rF++
                  | rC--} for 345 gold pieces
 10667 | D:6      | Found the +3 salamander hide armour {Flames, rFlCloud rF++
                  | rC--}
 10920 | D:10     | Found a transporter.
 10922 | D:10     | Found a transporter.
 10922 | D:10     | Found a transporter.
 11084 | Lair:1   | Entered Level 1 of the Lair of Beasts
 11788 | Lair:1   | Found a snail-covered altar of Cheibriados.
 12241 | Lair:2   | Found a hide-covered altar of Uskayaw.
 12366 | Lair:2   | You are sucked into a shaft and drop 2 floors!
 12372 | Lair:4   | Reached skill level 5 in Fighting
 12376 | Lair:4   | Found a staircase to the Slime Pits.
 12376 | Lair:4   | Found a viscous altar of Jiyva.
 12390 | Lair:5   | Entered Level 5 of the Lair of Beasts
 12490 | Lair:3   | Found a hole to the Spider Nest.
 12538 | Lair:3   | Reached XP level 14. HP: 72/72 MP: 23/23
 12594 | Lair:3   | Found a staircase to the Swamp.
 12936 | Lair:3   | Reached ***** piety under Hepliaklqana
 13073 | Lair:3   | Reached skill level 1 in Stealth
 13083 | Lair:3   | Got the Anthology of the Breezy Queen Bee
 13258 | Lair:2   | Reached skill level 5 in Dodging
 13574 | Lair:2   | Got Lideneco's Parchment of Loathsome Nonlocality
 14366 | Lair:4   | Reached skill level 5 in Stealth
 15167 | Lair:5   | Found a sacrificial altar of Ru.
 15340 | Lair:5   | Reached XP level 15. HP: 79/79 MP: 25/25
 15839 | Lair:5   | Noticed Snorg
 15845 | Lair:5   | Killed Snorg
 16195 | D:12     | Found Ysiengunt's Assorted Antiques.
 16523 | D:12     | Identified the +1 robe of the End {rN+ MP+9 Slay+3}
 16643 | Orc:1    | Entered Level 1 of the Orcish Mines
 16907 | Orc:2    | Entered Level 2 of the Orcish Mines
 17018 | Orc:2    | Found a staircase to the Elven Halls.
 17056 | Orc:2    | Found Imext's Assorted Antiques.
 17141 | Orc:2    | Found Kedagreg's Magic Scroll Boutique.
 17169 | Orc:2    | Bought a scroll of immolation for 68 gold pieces
 17169 | Orc:2    | Bought a scroll of identify for 34 gold pieces
 17169 | Orc:2    | Bought a scroll of identify for 34 gold pieces
 17181 | Orc:2    | Found Haufecon's Jewellery Shop.
 17212 | Orc:2    | Found a radiant altar of Vehumet.
 17233 | Orc:2    | Found Elinkex's Magic Scroll Boutique.
 17251 | Orc:2    | Found an ancient bone altar of Kikubaaqudgha.
 17309 | Orc:2    | Found Busojafo's Antique Armour Shop.
 18174 | Orc:2    | Bought the amulet of Plog {Spirit rF- Regen+ Int+5 Stlth-}
                  | for 664 gold pieces
 18250 | Orc:2    | Bought a scroll of poison for 68 gold pieces
 18375 | D:13     | Identified the +3 pair of boots "Nisoips" {Fly Regen+ Int+2
                  | Slay-5}
 18490 | D:13     | Noticed Nessos
 18495 | D:13     | Killed Nessos
 18626 | D:13     | Reached skill level 10 in Fighting
 18929 | D:14     | Found Itou's Demolitions Depot.
 19110 | D:14     | Noticed Kirke
 19127 | D:14     | Killed Kirke
 19242 | D:14     | Reached XP level 16. HP: 90/90 MP: 27/27
 19401 | D:14     | Found a gate to the Vaults.
 19760 | D:15     | Entered Level 15 of the Dungeon
 19763 | D:15     | Reached ****** piety under Hepliaklqana
 19829 | D:15     | Noticed Jorgrun
 19837 | D:15     | Killed Jorgrun
 20144 | D:15     | Found a staircase to the Depths.
 20382 | D:15     | Found a basalt altar of Yredelemnul.
 20779 | Swamp:1  | Entered Level 1 of the Swamp
 20903 | Swamp:1  | Reached skill level 10 in Dodging
 21307 | Swamp:1  | You are sucked into a shaft and drop 1 floor!
 21307 | Swamp:2  | Noticed a fenstrider witch
 21315 | Swamp:2  | Killed a fenstrider witch
 22274 | Swamp:3  | Noticed a thorn hunter
 22280 | Swamp:3  | Killed a thorn hunter
 22281 | Swamp:3  | Reached XP level 17. HP: 97/97 MP: 28/28
 22470 | Swamp:3  | Found a transporter.
 22495 | Swamp:3  | Found a transporter.
 22881 | Swamp:4  | Entered Level 4 of the Swamp
 23376 | Swamp:4  | Noticed the 27-headed Lernaean hydra
 23400 | Swamp:4  | Noticed Donald
 23411 | Swamp:4  | Killed the 27-headed Lernaean hydra
 23558 | Swamp:4  | Killed Donald
 23631 | Swamp:4  | Reached skill level 15 in Invocations
 23952 | Swamp:4  | Got a decaying rune of Zot
 24093 | Spider:1 | Entered Level 1 of the Spider Nest
 24408 | Spider:1 | Reached XP level 18. HP: 88/101 MP: 2/31
 24853 | Spider:1 | Identified a scroll of acquirement
 25807 | Spider:2 | Found a runed translucent door.
 26025 | Spider:3 | Noticed Arachne
 26182 | Spider:2 | Killed Arachne
 26380 | Spider:3 | Identified the +0 plate armour of Baldness {*Slow rN+ Str+3
                  | Dex+6}
 26588 | Spider:3 | Reached XP level 19. HP: 106/106 MP: 8/33
 26982 | Spider:4 | Entered Level 4 of the Spider Nest
 27048 | Spider:4 | Noticed Mlioglotl
 27077 | Spider:4 | Killed Mlioglotl
 27710 | Spider:4 | Slain by an emperor scorpion

Illustrated notes

Levels and vault maps discovered:
D:1:      erik_arrival_blinker_ship, layout_loops_ring,
          hangedman_decor_peaks_small
D:2:      layout_basic, basic_altar, serial_shops, shop, nicolae_diamond_shop,
          nicolae_shop_trees, shop, shop, basic_ecumenical_altar
D:3:      layout_rooms, portal_sewer_entry_e, gammafunk_ghost_nasty_kobolds,
          kennysheep_generic_room_15, uniq_grinder, uniq_jessica
D:4:      layout_loops_cross, lemuel_blue_sif_altar, minmay_temple_entry_tees,
          serial_shops, shop, uniq_menkaure
D:5:      wander_river, layout_rooms
D:6:      layout_layer_cave, serial_shops, shop, nicolae_shop_peninsula,
          nicolae_shop_statue_plus, nicolae_take_the_stairs, shop,
          water_maze_lemuel, uniq_prince_ribbit1, uniq_jeremiah, uniq_edmund,
          uniq_maggie
D:7:      layout_basic, nicolae_shop_overcharged_wands, uniq_crazy_yiuf_cottage
D:8:      layout_loops_corners, chequers_serial_rivers_small_a,
          minmay_crystal_water, uniq_pikel
D:9:      minmay_the_grid_four_pointed_star_mashed
          [minmay_the_grid_triangle_9x9_longest,
          minmay_the_grid_triangle_9x9_dagger,
          minmay_the_grid_triangle_9x9_corruption,
          minmay_the_grid_triangle_9x9_thin_v, minmay_the_grid_prize_trominoes],
          layout_loops_corners, eino_small_chamber_without_monster
D:10:     minmay_clustersquares, layout_loops_ring, grunt_temple_overflow_open,
          nicolae_diode_intersection, uniq_lodul
D:11:     lemuel_insect_pit, layout_basic, david_lair_generic, uniq_erolcha
D:12:     layout_basic, serial_shops, nicolae_shop_overgrown_old_shop, shop,
          shop, shop, chequers_serial_rivers_marsh, nzn_random_ring
D:13:     layout_basic, kb_rosetta, uniq_nessos
D:14:     layout_roguey, david_vaults_5, nicolae_figureground_pulse,
          nicolae_blasting_shop, kennysheep_another_room, uniq_kirke
D:15:     grunt_enter_depths_magical_seal, layout_loops_ring,
          kennysheep_doodads, nicolae_nh_vlads_tower, uniq_jorgrun
Temple:   compressed_dpeg_circular_temple
Lair:1:   layout_cave_pods, basic_altar, hangedman_lair_generics_rect
Lair:2:   nzn_winding_woodlands_medium [nzn_winding_woodlands_5x5_three,
          nzn_winding_woodlands_5x15_sidewinder,
          nzn_winding_woodlands_5x5_checkerboard,
          nzn_winding_woodlands_5x5_default,
          nzn_winding_woodlands_center_pierced_h,
          nzn_winding_woodlands_5x5_closed_star,
          nzn_winding_woodlands_5x5_cross, nzn_winding_woodlands_5x15_zeroes,
          nzn_winding_woodlands_5x5_perimeter], layout_chaotic_city,
          basic_altar, nicolae_lair_run_with_the_wolves
Lair:3:   layout_chaotic_city, minmay_swamp_entry_worms,
          nicolae_spider_entry_non_spiders, chequers_serial_rivers_micro_e,
          worms_lemuel, serial_bayou_shore_a
Lair:4:   layout_small_grid, slime_entry_1, lemuel_fruit_tree
Lair:5:   grunt_lair_end_beastmaster, layout_loops_ring, basic_altar,
          chequers_serial_rivers_micro_e, uniq_snorg
Swamp:1:  layout_basic_swamp, nicolae_swamp_ascending_descending
Swamp:2:  layout_basic_swamp, serial_swamp_ruin, evilmike_swamp_ruin_rubble_2,
          evilmike_swamp_ruin_house_5, swamp_pool_1_2,
          nicolae_swamp_feature_on_the_river_bank
Swamp:3:  gammafunk_worm_tunnel, layout_falls_marsh,
          evilmike_swamp_ruin_house_1, swamp_pool_1_2,
          nicolae_swamp_bloodsuckers_inc
Swamp:4:  swamp_old_school, layout_basic_swamp, uniq_donald
Spider:1: nicolae_spider_hall_of_the_moth_king
Spider:2: cheibrodos_spider_deadly_dance
Spider:3: layout_spider_delve, uniq_arachne
Spider:4: spider_rune_water, drop_trap, hellmonk_spider_spawner, uniq_mlioglotl
Orc:1:    layout_diamond_mine
Orc:2:    kennysheep_orc_mage_school, layout_diamond_mine, serial_shops, shop,
          basic_altar

Skill      XL: |  1  2  3  4  5  6  7  8  9 10 11 12 13 14 15 16 17 18 19 |
---------------+----------------------------------------------------------+-----
Dodging        | 1 2 8 13 14 | 14.2
Ranged Weapons | 2 3 5 7 8 11 14 16 19 20 | 20.0
Invocations    | 8 11 12 14 16 19 | 19.2
Fighting       | 6 7 11 12 14 | 14.6
Stealth        | 5 9 |  9.5
Short Blades   | |  2.5
Armour         | |  3.5
Shields        | |  3.2

Action                     |  1- 3 |  4- 6 |  7- 9 | 10-12 | 13-15 | 16-18 | 19-21 || total
---------------------------+-------+-------+-------+-------+-------+-------+-------++-------
  Melee: Rapier            |    65 |       |       |       |       |       |       ||    65
         Kick              |    12 |       |       |       |       |       |       ||    12
         Peck              |    10 |       |       |       |       |       |       ||    10
   Fire: Longbow           |     1 |   122 |   171 |   436 |  1108 |  1391 |   254 ||  3483
 Invoke: Ancestor Life: Kn |       |       |       |     1 |       |       |       ||     1
         Recall Ancestor   |       |       |       |     1 |     1 |     5 |       ||     7
         Transference      |       |       |       |       |     2 |     1 |       ||     3
         Idealise          |       |       |       |       |     4 |     6 |     2 ||    12
    Use: Scroll            |       |     1 |     3 |       |    16 |     7 |     2 ||    29
         Potion            |       |       |       |       |     1 |     1 |       ||     2
 Armour: Scale mail        |    10 |       |       |       |       |       |       ||    10
         Ring mail         |    14 |    28 |     6 |       |       |       |       ||    48
         Steam dragon scal |       |       |     4 |    18 |     4 |       |       ||    26
         Leather armour    |       |       |       |       |    32 |   110 |    23 ||   165
  Dodge: Dodged            |    24 |    27 |    14 |    15 |    46 |   207 |    40 ||   373
  Block: Buckler           |    10 |       |       |       |       |       |       ||    10
         Other             |       |       |       |       |     5 |       |       ||     5
         Reflection        |       |       |       |       |     1 |       |       ||     1

Table legend: (Time is in decaauts)
 A = Elapsed time spent in this place.
 B = Non-inter-level travel time spent in this place.
 C = Inter-level travel time spent in this place.
 D = Time resting spent in this place.
 E = Time spent auto-exploring this place.
 F = Levels seen in this place.
 G = Mean time per level.
                   A        B        C        D        E       F      G
               +--------+--------+--------+--------+--------+-----+--------+
         Total |  26159 |  24160 |   1999 |   1846 |  15398 |  32 |  817.5 |
       Dungeon |  12892 |  11890 |   1002 |    795 |   9048 |  15 |  859.5 |
        Temple |     66 |     33 |     33 |      0 |      0 |   1 |   66.0 |
          Lair |   4842 |   4510 |    332 |    220 |   2614 |   5 |  968.4 |
         Swamp |   3044 |   2837 |    207 |    267 |   1649 |   4 |  761.0 |
   Spider Nest |   3146 |   3056 |     90 |    528 |   1104 |   4 |  786.5 |
  Orcish Mines |   1572 |   1240 |    332 |     12 |    693 |   2 |  786.0 |
         Sewer |    595 |    595 |      0 |     24 |    289 |   1 |  595.0 |
               +--------+--------+--------+--------+--------+-----+--------+

Top non-repeatable levels by time:
     D:6: 1523 daAuts
     D:9: 1243 daAuts
    D:12: 1177 daAuts
Spider:1: 1166 daAuts
  Lair:1: 1110 daAuts
  Lair:3: 1096 daAuts
   Orc:2: 1052 daAuts
    D:10: 1001 daAuts
    D:11: 991 daAuts
 Swamp:4: 934 daAuts
  Lair:5: 926 daAuts
  Lair:2: 887 daAuts
     D:8: 881 daAuts
 Swamp:2: 821 daAuts
  Lair:4: 821 daAuts
